 Dungeon Crawl Stone Soup version 0.31-a0-174-g85c54bcb58 (webtiles) character file.

Game seed: 4525497004369299405

62 holysushi the Cutter (level 4, 0/28 HPs)
             Began as a Kobold Monk on June 16, 2023.
             Was a Believer of Okawaru.
             Slain by a black bear (3 damage)
             ... on level 3 of the Dungeon.
             The game lasted 00:02:43 (2261 turns).

holysushi the Cutter (Kobold Monk)                  Turns: 2261, Time: 00:02:44

Health: 0/28       AC:  2    Str: 14    XL:     4   Next: 28%
Magic:  4/4        EV: 17    Int: 11    God:    Okawaru [**....]
Gold:   181        SH:  0    Dex: 19    Spells: 3/3 levels left

rFire   . . .        n - +1 dagger (speed)
rCold   . . .        d - orb {light}
rNeg    . . .        b - +0 robe
rPois   .            (no helmet)
rElec   .            (no cloak)
rCorr   .            (no gloves)
SInv    .            (no boots)
Will    .....        (no amulet)
Stlth   ++           o - +6 ring of strength
HPRegen 0.24/turn    (no ring)
MPRegen 0.09/turn

%: no passive effects
@: about to teleport, glowing
A: small, no large weapons, nightstalker 3
a: Renounce Religion, Heroism


You were on level 3 of the Dungeon.
You worshipped Okawaru.
Okawaru was pleased with you.
You visited 1 branch of the dungeon, and saw 3 of its levels.

You collected 181 gold pieces.

Inventory:

Hand Weapons
 a - a +0 short sword
 n - a +1 dagger of speed (weapon)
Armour
 b - a +0 robe (worn)
 d - an orb of light (worn)
Jewellery
 f - a ring of fire
 o - a +6 ring of strength (left hand)
Scrolls
 h - 4 scrolls of identify {unknown}
 i - a scroll of teleportation
 m - a scroll of noise {unknown}
Potions
 c - a potion of ambrosia
 e - a potion of cancellation {unknown}
 g - a potion of resistance {unknown}
 j - a potion of magic {unknown}
 k - a potion of heal wounds {unknown}
 l - a potion of curing {unknown}


   Skills:
 - Level 3.2 Fighting
 * Level 5.5 Short Blades
 + Level 4.3 Dodging
 + Level 1.5 Stealth


You had 3 spell levels left.
You didn't know any spells.
Your spell library was empty.

Dungeon Overview and Level Annotations

Branches:
Dungeon (3/15) Zot: 15778

Altars:
Okawaru
Xom


Innate Abilities, Weirdness & Mutations

You are small and have problems with some larger weapons.
You are completely attuned to the shadows.


Message History

HP restored.
There is an open door here.
There is a stone staircase leading down here.
You climb downwards.
There is a stone staircase leading up here.
i - 2 scrolls of teleportation (gained 1)
Found a stone staircase leading down.
h - 4 scrolls labelled YFAGOS YNO (gained 3)
There is a stone staircase leading down here.
You open the door.
There is an open door here.
Found an orcbow.
You see here a +0 orcbow.
You now have 181 gold pieces (gained 4).
A dart slug and a hobgoblin come into view.
The hobgoblin is carrying a wand of mindburst (4).
The hobgoblin shouts!
There are monsters nearby!
The dart slug launches a dart at you. The slug dart misses you.
The hobgoblin zaps a wand.
You barely resist. You hit the dart slug but do no damage.
The dart slug closely misses you.
You hit the dart slug.
The dart slug is heavily wounded.
The hobgoblin zaps a wand.
Your mind is blasted!
Ouch! That really hurt!
The hobgoblin barely misses you.
The black bear attacks as you move away!
The black bear completely misses you. The black bear closely misses you.
The black bear misses you.
The black bear attacks as you move away!
The black bear bites you. The black bear barely misses you.
The black bear claws you.
* * * LOW HITPOINT WARNING * * *
Okay, then.
As you read the scroll of teleportation, it crumbles to dust.
You feel strangely unstable. The black bear bites you.
* * * LOW HITPOINT WARNING * * *
The black bear closely misses you. The black bear claws you.
You die...

... .. #.. ####.#..#
#.. .....#.## #..
......... .## ....w..##
######...#. . .....
#.......... ..#.#...
#....h####. ..#.#..###
#.....@....#..........
#..........#......#####
#..........#..#........
#..........#..#........
#......................
#................###...
#####...<..............
#............######
#............# #


You could see a black bear.

Vanquished Creatures
  An adder (D:2)
  A white imp (D:3)
  2 dart slugs (D:1)
  4 orcs
  2 endoplasms
  A giant cockroach (D:1)
  A goblin (D:2)
  4 hobgoblins
  3 jackals (D:2)
  6 kobolds
  A quokka (D:2)
  5 ball pythons
  A bat (D:2)
  A frilled lizard (D:2)
  3 rats
36 creatures vanquished.

Notes
Turn   | Place    | Note
-------+----------+-------------------------------------------
     0 | D:1      | holysushi the Kobold Monk began the quest for the Orb.
     0 | D:1      | Reached XP level 1. HP: 14/14 MP: 1/1
   289 | D:1      | Reached XP level 2. HP: 19/19 MP: 2/2
   743 | D:2      | Found an iron altar of Okawaru.
   785 | D:2      | Reached XP level 3. HP: 22/23 MP: 3/3
   805 | D:2      | Became a worshipper of Warmaster Okawaru
   805 | D:2      | Reached * piety under Okawaru
   805 | D:2      | Reached ** piety under Okawaru
   868 | D:2      | Reached skill level 5 in Short Blades
   868 | D:2      | Reached skill level 1 in Stealth
  1689 | D:3      | Found a shimmering altar of Xom.
  1707 | D:3      | Reached XP level 4. HP: 18/28 MP: 4/4
  2043 | D:3      | Noticed a black bear
  2261 | D:3      | Slain by a black bear

Illustrated notes

Levels and vault maps discovered:
D:1:      scummos_arrival_simple_crosswalls, layout_basic,
          chequers_serial_rivers_room_a
D:2:      layout_basic, basic_altar
D:3:      minmay_general_purpose_star, layout_basic, amcnicky_altar_gilded

Skill      XL: |  1  2  3 |
---------------+----------+-----
Dodging        | 4 |  4.3
Short Blades   | 5 |  5.5
Stealth        | 1 |  1.5
Fighting       | |  3.2

Action                     |  1- 3 |  4- 6 || total
---------------------------+-------+-------++-------
  Melee: Short sword       |   123 |    12 ||   135
         Dagger            |       |    18 ||    18
    Use: Scroll            |     2 |     1 ||     3
   Stab: Sleeping          |     3 |     1 ||     4
 Armour: Robe              |     6 |       ||     6
  Dodge: Dodged            |    88 |    18 ||   106

Table legend: (Time is in decaauts)
 A = Elapsed time spent in this place.
 B = Non-inter-level travel time spent in this place.
 C = Inter-level travel time spent in this place.
 D = Time resting spent in this place.
 E = Time spent auto-exploring this place.
 F = Levels seen in this place.
 G = Mean time per level.
                   A        B        C        D        E       F      G
               +--------+--------+--------+--------+--------+-----+--------+
         Total |   2220 |   2078 |    142 |    356 |   1258 |   3 |  740.0 |
       Dungeon |   2220 |   2078 |    142 |    356 |   1258 |   3 |  740.0 |
               +--------+--------+--------+--------+--------+-----+--------+

Top non-repeatable levels by time:
     D:2: 1131 daAuts
     D:1: 615 daAuts
     D:3: 472 daAuts
